 Dungeon Crawl Stone Soup version 0.26.1-11-gd32895ea62 (webtiles) character file.

Game seed: 6815659724062603178

1179 Ijustatesigmund the Chopper (level 8, -1/56 HPs)
             Began as an Octopode Fighter on July 1, 2021.
             Slain by an ufetubus (5 damage)
             ... on level 6 of the Dungeon.
             The game lasted 00:10:10 (6383 turns).

Ijustatesigmund the Chopper (Octopode Fighter)      Turns: 6383, Time: 00:10:11

Health: -1/56      AC:  1    Str: 15    XL:     8   Next: 42%
Magic:  8/8        EV: 13    Int: 11    God:
Gold:   197        SH:  9    Dex: 13    Spells: 7/7 levels left

rFire    + . .     SeeInvis .   a - +3 war axe
rCold    . . .     Faith    .   b - +0 kite shield
rNeg     . . .     Spirit   .   (helmet restricted)
rPois    .         Reflect  .   (no amulet)
rElec    .         Harm     .   e - ring of protection from fire
rCorr    .         Rampage  .   (no ring)
Will     .....                  (no ring)
Stlth    +++.......             (no ring)
HPRegen  0.18/turn              (no ring)
MPRegen  0.11/turn              (no ring)
                                (no ring)
                                (no ring)

@: attractive
A: almost no armour, stealthy swim, amphibious, 8 rings, constrict 8, camouflage
1, gelatinous body 1
a: no special abilities


You were on level 6 of the Dungeon.
You visited 1 branch of the dungeon, and saw 6 of its levels.

You collected 197 gold pieces.

Inventory:

Hand Weapons
 a - a +3 war axe (weapon)
Missiles
 i - 36 poisoned darts (quivered)
Armour
 b - a +0 kite shield (worn)
Jewellery
 e - a ring of protection from fire (left tentacle)
 j - an uncursed ring of fire
Wands
 d - a wand of random effects (17)
 m - a wand of flame (3)
Scrolls
 f - 2 scrolls of identify
 l - a scroll of magic mapping
 n - a scroll of fog
Potions
 c - a potion of might
 g - a potion of curing
 h - a potion of brilliance
 k - a potion of flight


   Skills:
 + Level 5.4 Fighting
 + Level 5.7 Axes
 - Level 5.0 Dodging
 + Level 3.6 Stealth
 - Level 4.9 Shields
 + Level 2.0 Evocations


You had 7 spell levels left.
You didn't know any spells.
Your spell library contained the following spells:

 Spells                   Type           Power        Failure   Level
 Animate Skeleton         Necr           0%           78%         1
 Pain                     Necr           0%           78%         1
 Vampiric Draining        Necr           0%           98%         3
 Animate Dead             Necr           0%           100%        4
 Agony                    Necr           0%           100%        5


Dungeon Overview and Level Annotations

Branches:
Dungeon (6/15)
 Temple: D:4-7

Altars:
Xom


Innate Abilities, Weirdness & Mutations

You cannot wear most types of armour.
You are very stealthy in the water. (Stealth+)
You are amphibious.
You can wear up to eight rings at the same time.
You can use your tentacles to constrict eight enemies at once.
Your skin changes colour to match your surroundings (Stealth+).
Your rubbery body absorbs attacks. (AC +1, EV +1)


Message History

The arrow misses you. You block the ufetubus's attack. x2
Your Evocations skill increases to level 2!
It was a potion of attraction.
You feel attractive to monsters.
The centaur shoots an arrow.
The arrow closely misses you. The ufetubus misses you. The ufetubus hits you.
* * * LOW HITPOINT WARNING * * *
The hound skeleton closely misses you. The ufetubus barely misses you.
The ufetubus hits you.
* * * LOW HITPOINT WARNING * * *
The centaur shoots an arrow.
The arrow hits you.
* * * LOW HITPOINT WARNING * * *
The centaur is pulled toward you!
You closely miss the ufetubus. Your grab misses the ufetubus.
The ufetubus is severely wounded.
You slash the hound skeleton! The ufetubus misses you.
You block the ufetubus's attack. The hound skeleton misses you.
The centaur shoots an arrow.
You block the arrow. You block the ufetubus's attack. The ufetubus hits you.
You die...

#.....# #..###.......
.##...... #............
.......####.......#####
...$.......#..#.......
#.#..........#......<
##....................
###............##.#.....
#.....(Z5...#..#.##.#...
.......@....##.#........
...c....................
##......................
##........##.......>...
##.......# ..........#
#..>.....# .#####..#.#
#.......## ###...
##....... #...#
#.......# .....##


You could see a centaur, an ufetubus and a hound skeleton.

Vanquished Creatures
  4 ice beasts
  An ogre (D:4)
  A bullfrog (D:6)
  5 wights
  2 hounds (D:5)
  Crazy Yiuf (D:4)
  An iguana (D:6)
  An orc wizard (D:4)
  2 worker ants (D:5)
  A killer bee zombie (D:5)
  Robin (D:4)
  4 gnolls (D:5)
  7 adders
  2 shadow imps (D:5)
  An ufetubus (D:5)
  An ooze (D:4)
  A worm (D:2)
  A dart slug (D:1)
  A leopard gecko (D:3)
  21 orcs
  3 ball pythons
  6 giant cockroaches
  15 goblins
  11 hobgoblins
  6 jackals
  5 kobolds
  A quokka (D:5)
  5 bats
  3 frilled lizards
  A jackal skeleton (D:6)
  A leopard gecko skeleton (D:4)
  6 rats
122 creatures vanquished.

Vanquished Creatures (others)
  2 fungi (D:1)
2 creatures vanquished.

Grand Total: 124 creatures vanquished

Notes
Turn   | Place    | Note
-------+----------+-------------------------------------------
     0 | D:1      | Ijustatesigmund the Octopode Fighter began the quest for
                  | the Orb.
     0 | D:1      | Reached XP level 1. HP: 16/16 MP: 1/1
   286 | D:1      | Reached XP level 2. HP: 21/21 MP: 2/2
   703 | D:1      | Reached XP level 3. HP: 20/26 MP: 3/3
  1441 | D:2      | Reached skill level 1 in Stealth
  1662 | D:2      | Reached XP level 4. HP: 31/31 MP: 4/4
  1676 | D:2      | Found a shimmering altar of Xom.
  2292 | D:3      | Found a shimmering altar of Xom.
  2350 | D:3      | Found a shimmering altar of Xom.
  2352 | D:3      | Found a shimmering altar of Xom.
  2356 | D:3      | Found a shimmering altar of Xom.
  2356 | D:3      | Found a shimmering altar of Xom.
  2356 | D:3      | Found a shimmering altar of Xom.
  2359 | D:3      | Found a shimmering altar of Xom.
  2925 | D:4      | Reached XP level 5. HP: 36/36 MP: 5/5
  3015 | D:4      | Found a runed translucent door.
  3016 | D:4      | Noticed Crazy Yiuf
  3023 | D:4      | Killed Crazy Yiuf
  3422 | D:4      | Noticed Robin
  3434 | D:4      | Killed Robin
  3639 | D:4      | Reached XP level 6. HP: 18/43 MP: 6/6
  4256 | D:5      | Entered Level 5 of the Dungeon
  4295 | D:5      | Noticed an ice beast
  4315 | D:5      | Killed an ice beast
  4689 | D:5      | Noticed an ice beast
  4700 | D:5      | Killed an ice beast
  4701 | D:5      | Reached XP level 7. HP: 21/49 MP: 7/7
  5226 | D:5      | Reached skill level 5 in Axes
  5904 | D:5      | Reached skill level 5 in Fighting
  5924 | D:5      | Reached skill level 5 in Dodging
  5924 | D:5      | Reached XP level 8. HP: 18/55 MP: 8/8
  6179 | D:6      | Reached skill level 1 in Evocations
  6383 | D:6      | Slain by an ufetubus

Illustrated notes

Levels and vault maps discovered:
D:1:      minmay_arrival_wavy_path, layout_basic, minmay_misc_feat_columns,
          minmay_shallow_snake_nest
D:2:      layout_loops_corners, lemuel_statue_altar
D:3:      layout_loops_ring, nicolae_xom_altar_mimics
D:4:      layout_gridville, uniq_crazy_yiuf_cottage, uniq_robin
D:5:      layout_basic
D:6:      layout_cave_pools, kennysheep_flooded_box

Skill      XL: |  1  2  3  4  5  6  7  8 |
---------------+-------------------------+-----
Axes           | 3 4 5 |  5.7
Stealth        | 1 2 3 |  3.6
Fighting       | 4 5 |  5.4
Dodging        | 4 5 |  5.0
Shields        | 4 |  4.9
Evocations     | 2 |  2.0

Action                   |  1- 3 |  4- 6 |  7- 9 || total
-------------------------+-------+-------+-------++-------
Melee: War axe           |    60 |   103 |    67 ||   230
       Constrict         |    17 |    21 |    20 ||    58
       Tentacles         |     9 |    15 |    12 ||    36
Evoke: Wand              |       |       |    21 ||    21
  Use: Scroll            |       |    11 |     1 ||    12
       Potion            |       |     2 |     4 ||     6
 Stab: Sleeping          |     8 |     6 |     4 ||    18
       Distracted        |       |     1 |       ||     1
Armor: Skin              |     2 |     4 |     2 ||     8
Dodge: Dodged            |    30 |    61 |    42 ||   133
Block: Kite shield       |    19 |    46 |    45 ||   110
